 Dungeon Crawl Stone Soup version 0.27-a0-650-g8dd3ea4f36 (webtiles) character file.

Game seed: 15835661813861471466

2 rednaxela the Stinger (level 1, 0/15 HPs)
             Began as a Naga Venom Mage on Mar 15, 2021.
             Slain by an orc
             ... wielding a +0 trident
              (7 damage)
             ... on level 2 of the Dungeon.
             The game lasted 00:00:40 (275 turns).

rednaxela the Stinger (Naga Venom Mage)              Turns: 275, Time: 00:00:41

Health: 0/15       AC:  1    Str: 10    XL:     1   Next: 40%
Magic:  3/3        EV:  9    Int: 15    God:
Gold:   0          SH:  0    Dex: 11    Spells: 3/4 levels left

rFire    . . .     SeeInvis +   d - +0 dagger
rCold    . . .     Faith    .   (no shield)
rNeg     . . .     Spirit   .   a - +0 robe
rPois    +         Reflect  .   (no helmet)
rElec    .         Harm     .   (no cloak)
rCorr    .         Rampage  .   (no gloves)
Will     .....                  (no barding)
Stlth    ++........             (no amulet)
HPRegen  0.05/turn              (no ring)
MPRegen  0.08/turn              (no ring)

@: very slow
A: AC +0, large, see invisible, deformed body, poison resistance, slowness 2,
spit poison 1, naga tail 1
a: Spit Poison


You were on level 2 of the Dungeon.
You visited 1 branch of the dungeon, and saw 3 of its levels.

Inventory:

Hand Weapons
 d - a +0 dagger (weapon)
   (You found it on level 2 of the Dungeon)
Missiles
 e - 2 stones
Armour
 a - a +0 robe (worn)
Potions
 b - a potion of lignification {@q5}


   Skills:
 + Level 1.6 Dodging
 + Level 3.1 Stealth
 + Level 2.0 Spellcasting
 + Level 1.0 Transmutations
 + Level 4.0 Poison Magic


You had 3 spell levels left.
You knew the following spells:

 Your Spells              Type           Power      Damage    Failure   Level
a - Sting                 Tmut/Pois      36%        1d4       8%          1

Your spell library contained the following spells:

 Spells                   Type           Power      Damage    Failure   Level
 Poisonous Vapours        Pois/Air       14%        N/A       14%         2
 Ignite Poison            Fire/Tmut/Pois 6%         N/A       32%         3
 Mephitic Cloud           Conj/Pois/Air  5%         N/A       36%         3
 Olgreb's Toxic Radiance  Pois           13%        N/A       38%         4


Dungeon Overview and Level Annotations

Branches:
Dungeon (3/15)

Altars:


Innate Abilities, Weirdness & Mutations

Your serpentine skin is tough. (AC +0)
You have supernaturally acute eyesight. (SInv)
Armour fits poorly on your strangely shaped body.
Your system is resistant to poisons. (rPois)
You cover ground very slowly.
You can spit poison.
You have a snake-like lower body.


Message History

Casting: Sting (safe; 8% risk of failure)
Confirm with . or Enter, or press ? or * to list all spells.
You can't see any susceptible monsters within range! (Use Z to cast anyway.) Unknown command.
A jackal comes into view.
A jackal comes into view.
The jackal barks!
A jackal comes into view.
The jackal completely misses you.
There is a stone staircase leading down here.
The jackal barely misses you.
You climb downwards.
Found a dagger.
Found a stone staircase leading down.
There is a stone staircase leading up here.
Casting: Sting (safe; 8% risk of failure)
Confirm with . or Enter, or press ? or * to list all spells.
Aiming: Sting (safe; 8% risk of failure)
Press: ? - help, Shift-Dir - straight line, f - jackal
Aim: a jackal (40% to evade)
The sting hits the jackal but does no damage.
The jackal is poisoned.
The jackal bites you but does no damage.
Casting: Sting (safe; 8% risk of failure)
Confirm with . or Enter, or press ? or * to list all spells.
Aiming: Sting (safe; 8% risk of failure)
Press: ? - help, Shift-Dir - straight line, f/p - jackal
Aim: a jackal (lightly wounded, poisoned, 40% to evade)
The sting misses the jackal.
The jackal barely misses you. x2
Casting: Sting (safe; 8% risk of failure)
Confirm with . or Enter, or press ? or * to list all spells.
Aiming: Sting (safe; 8% risk of failure)
Press: ? - help, Shift-Dir - straight line, f/p - jackal
Aim: a jackal (heavily wounded, poisoned, 40% to evade)
The sting hits the jackal but does no damage.
The jackal looks even sicker.
The jackal is heavily wounded.
The jackal bites you but does no damage.
You closely miss the jackal.
The jackal is severely wounded.
You kill the jackal!
You start resting.
Magic restored.
Found a stone staircase leading down.
Found 10 gold pieces.
You see here a +0 dagger.
d - a +0 dagger
Found 15 gold pieces.
A kobold comes into view.
d - a +0 dagger (weapon)
The kobold throws a stone.
The stone hits you.
Casting: Sting (safe; 8% risk of failure)
Confirm with . or Enter, or press ? or * to list all spells.
Aiming: Sting (safe; 8% risk of failure)
Press: ? - help, Shift-Dir - straight line, f - kobold
Aim: a kobold, quivering stones (40% to evade)
The sting misses the kobold.
Casting: Sting (safe; 8% risk of failure)
Confirm with . or Enter, or press ? or * to list all spells.
Aiming: Sting (safe; 8% risk of failure)
Press: ? - help, Shift-Dir - straight line, f/p - kobold
Aim: a kobold, quivering stones (40% to evade)
The sting misses the kobold.
The kobold throws a stone.
The stone hits you.
Casting: Sting (safe; 8% risk of failure)
Confirm with . or Enter, or press ? or * to list all spells.
Aiming: Sting (safe; 8% risk of failure)
Press: ? - help, Shift-Dir - straight line, f/p - kobold
Aim: a kobold, quivering stones (40% to evade)
The sting hits the kobold but does no damage.
The kobold is poisoned.
You barely miss the kobold. The kobold hits you.
* * * LOW HITPOINT WARNING * * *
You barely miss the kobold. The kobold hits you.
* * * LOW HITPOINT WARNING * * *
You barely miss the kobold. The kobold hits you.
* * * LOW HITPOINT WARNING * * *
You hit the kobold but do no damage. The kobold barely misses you.
You hit the kobold but do no damage.
The kobold is heavily wounded.
You kill the kobold!
Things that are here:
2 stones; a kobold corpse
e - 2 stones You start resting.
Magic restored.
HP restored.
There is a stone staircase leading down here.
You climb downwards. 3 orcs come into view.
The orc shouts! x2
Found a scroll labelled GYPITZ AQEREIS.
There is a stone staircase leading up here.
The orc hits you with a +0 trident. The orc hits you with a +0 war axe!
* * * LOW HITPOINT WARNING * * *
You climb upwards.
There is a stone staircase leading down here.
As you read the scroll labelled GYPITZ AQEREIS, it crumbles to dust.
It is a scroll of identify.
b - a potion of lignification The orc hits you with a +0 trident!
You die...

..# ≈≈. #.# P♣ ≈P# #.#
##.. ≈.# #.# #.. #.#
#.###.####.###
#†##.........#
##.##.........#
####..o#.......<.#
#...o@..........>#
#...$....#..............
#.....#.##.........#####
....$.####.........#
#..... #.........#
#..... #.........# .....
..########## #### #.


You could see 2 orcs.

Vanquished Creatures
  A jackal (D:2)
  A kobold (D:2)
2 creatures vanquished.

Vanquished Creatures (others)
  5 plants (D:2)
5 creatures vanquished.

Grand Total: 7 creatures vanquished

Notes
Turn   | Place    | Note
-------+----------+-------------------------------------------
     0 | D:1      | rednaxela the Naga Venom Mage began the quest for the Orb.
     0 | D:1      | Reached XP level 1. HP: 15/15 MP: 3/3
   275 | D:2      | Slain by an orc

Illustrated notes

Levels and vault maps discovered:
D:1:      dpeg_arrival_stonehenge_8_columns, layout_basic
D:2:      layout_loops_ring, gammafunk_temple_overflow_elements, serial_bayou,
          serial_bayou_pond_d, serial_bayou_pond_e, serial_bayou_shore_a,
          serial_bayou_crossing, serial_bayou_shore_b
D:3:      layout_rooms, chequers_ecumenical_altar_lobes,
          nicolae_qazlal_eye_of_the_storm

Action                   || total
-------------------------++-------
Melee: Dagger            ||     5
       Unarmed           ||     1
 Cast: Sting             ||     6
  Use: Scroll            ||     1
Armor: Robe              ||     2
Dodge: Dodged            ||     5

Table legend: (Time is in decaauts)
 A = Elapsed time spent in this place.
 B = Non-inter-level travel time spent in this place.
 C = Inter-level travel time spent in this place.
 D = Time resting spent in this place.
 E = Time spent auto-exploring this place.
 F = Levels seen in this place.
 G = Mean time per level.
                   A        B        C        D        E       F      G
               +--------+--------+--------+--------+--------+-----+--------+
         Total |    288 |    288 |      0 |    217 |     11 |   3 |   96.0 |
       Dungeon |    288 |    288 |      0 |    217 |     11 |   3 |   96.0 |
               +--------+--------+--------+--------+--------+-----+--------+

Top non-repeatable levels by time:
     D:2: 255 daAuts
     D:1: 31 daAuts
     D:3: 1 daAuts
